 Dungeon Crawl Stone Soup version 0.14-a0-2119-ge69afc6 (webtiles) character file.

208 Jenx the Stinger (level 6, -1/36 HPs)
             Began as a Formicid Venom Mage on Jan 26, 2014.
             Slain by a slave (10 damage)
             ... led by Pikel
             ... on Level 4 of the Dungeon.
             The game lasted 00:13:48 (3886 turns).

Jenx the Stinger (Formicid Venom Mage)              Turns: 3886, Time: 00:13:49

HP  -1/36        AC  3     Str 13      XL: 6   Next: 11%
MP   4/11        EV 12     Int 16      God:
Gold 33          SH  0     Dex 11      Spells:  3 memorised,  4 levels left

rFire  . . .     SeeInvis +     a - -1,+2 orc mace (crush)
rCold  . . .     Clarity  .     m - +0 robe
rNeg   . . .     Conserve .     (no shield)
rPois  x         rCorr    .     (helmet unavailable)
rElec  .         rRot     .     (no cloak)
SustAb . .       Spirit   .     (no gloves)
rMut   .         Warding  .     (no boots)
Saprov . . .     Stasis   +     (no amulet)
MR     .....                    (no ring)
                                (no ring)

@: very slightly contaminated, not resistant to hostile enchantments, fairly
stealthy
A: permanent stasis, dig shafts and tunnels, four strong arms, poison weakness,
antennae 3, exoskeleton 1
a: Dig, Shaft Self


You were on level 4 of the Dungeon.
You were not hungry.

You visited 1 branch of the dungeon, and saw 4 of its levels.

You collected 275 gold pieces.
You spent 242 gold pieces at shops.

Inventory:

Hand weapons
 a - a -1,+2 orcish mace of crushing (weapon)
 j - a +0,+2 dagger of holy wrath
Missiles
 x - 2 javelins (quivered)
Armour
 m - a +0 robe (worn)
Magical devices
 C - a wand of fireball (7)
Comestibles
 c - 2 bread rations
 f - an apple
 u - a choko
 A - a rotting chunk of goblin flesh
 B - a chunk of rat flesh
Scrolls
 d - a scroll of remove curse {unknown}
 e - 4 scrolls of teleportation {unknown}
 g - a scroll of recharging {unknown}
 h - a scroll of immolation {unknown}
 k - a scroll of fear {unknown}
 n - a scroll of enchant armour {unknown}
 s - 2 scrolls of enchant weapon II {unknown}
 t - a scroll of enchant weapon I {unknown}
 w - a scroll of noise {unknown}
 y - a scroll of identify {unknown}
Jewellery
 q - an uncursed amulet of stasis {unknown}
Potions
 i - a potion of poison {unknown}
 l - a potion of speed
 p - a potion of heal wounds
 r - a potion of curing {unknown}
 v - a potion of restore abilities {unknown}
Books
 b - a Young Poisoner's Handbook

   Spells                             Type                      Level
   *Sting                             Conjuration/Poison           1
   *Cure Poison                       Poison                       2
   *Mephitic Cloud                    Conjuration/Poison/Air       3
   Olgreb's Toxic Radiance            Poison                       4
   Venom Bolt                         Conjuration/Poison           5
 o - a book of the Warp

   Spells                             Type                      Level
   Recall                             Summoning/Translocation      3
   Control Teleport                   Charms/Translocation         4
   Phase Shift                        Translocation                5
   Warp Weapon                        Charms/Translocation         5
   Dispersal                          Translocation                6
   Controlled Blink                   Translocation                7
   Disjunction                        Translocation                8
 z - a book of Maledictions

   Spells                             Type                      Level
   Corona                             Hexes                        1
   Sure Blade                         Hexes/Charms                 2
   Ensorcelled Hibernation            Hexes/Ice                    2
   Confuse                            Hexes                        3
   Enslavement                        Hexes                        4
   Invisibility                       Hexes                        6


   Skills:
 - Level 1.7 Dodging
 - Level 2.4 Stealth
 * Level 2.9 Spellcasting
 - Level 2.0 Conjurations
 - Level 3.0 Air Magic
 + Level 5.6 Poison Magic


You had 4 spell levels left.
You knew the following spells:

 Your Spells              Type           Power        Failure   Level  Hunger
a - Sting                 Conj/Pois      ##..         4%          1    #......
b - Cure Poison           Pois           ###.......   3%          2    ##.....
c - Mephitic Cloud        Conj/Pois/Air  ##......     14%         3    ###....


Dungeon Overview and Level Annotations

Branches:
Dungeon (4/16)
 Temple: D:4-7

Altars:
Fedhas

Shops:
D:4 /

Annotations:
D:2 1 exclusion
D:4 Pikel


Innate Abilities, Weirdness & Mutations

Your are under a permanent stasis effect.
You can dig through walls and to a lower floor.
Your four strong arms can wield any weapon, most with a shield.
You are susceptible to poison.
You have a pair of large antennae on your head (SInv).
Your body is surrounded by an exoskeleton. (AC +1)


Message History

Confirm with . or Enter, or press ? or * to list all spells.
Aiming: Sting
Press: ? - help, Shift-Dir - straight line, f/p - slave
Aim: a slave wearing an animal skin (severely wounded, poisoned)
The sting hits the slave.
The slave looks even sicker.
The slave is severely wounded.
You barely miss the slave.
The slave is almost dead.
The slave barely misses you. The slave hits you.
* * * LOW HITPOINT WARNING * * *
Casting: Sting
Confirm with . or Enter, or press ? or * to list all spells.
Aiming: Sting
Press: ? - help, Shift-Dir - straight line, f/p - slave
Aim: a slave wearing an animal skin (almost dead, poisoned)
You miscast Sting.
You are very lightly contaminated with residual magic.
Your vision is briefly tinged with green.
The slave hits you!
You die...

## ## #.# ##.#.##
#..@..# #..@.##
##..### #.....#
#.....# ## #########
#.....#
.###.#.#...#####...#
.....#.....#.#.....#
..............<....#


You could see a slave.

Vanquished Creatures
  A slave (D:3)
  A worker ant (D:4)
  9 adders
  A worm (D:2)
  A giant eyeball (D:4)
  3 giant geckos
  A ball python (D:2)
  9 bats
  2 giant cockroaches
  7 goblins
  8 hobgoblins
  A jackal (D:2)
  2 quokkas
  3 giant newts
  5 kobolds
  An orc skeleton (D:4)
  16 rats
  A rat skeleton (D:4)
72 creatures vanquished.

Notes
Turn   | Place    | Note
--------------------------------------------------------------
     0 | D:1      | Jenx, the Formicid Venom Mage, began the quest for the Orb.
     0 | D:1      | Reached XP level 1. HP: 11/11 MP: 3/3
   131 | D:1      | Reached skill level 1 in Conjurations
   245 | D:1      | Reached XP level 2. HP: 17/17 MP: 1/4
   329 | D:1      | Learned a level 2 spell: Cure Poison
   492 | D:1      | Reached XP level 3. HP: 21/21 MP: 4/6
   501 | D:1      | Learned a level 3 spell: Mephitic Cloud
   743 | D:2      | Found a blossoming altar of Fedhas.
   796 | D:2      | Reached skill level 1 in Air Magic
  1050 | D:2      | Reached XP level 4. HP: 27/27 MP: 4/7
  1643 | D:2      | Reached XP level 5. HP: 6/31 MP: 0/9
  2685 | D:4      | Noticed Pikel
  2685 | D:4      | Noticed a slave
  2685 | D:4      | Noticed a slave
  2685 | D:4      | Noticed a slave
  2685 | D:4      | Noticed a slave
  2731 | D:3      | Killed a slave
  3532 | D:4      | Reached XP level 6. HP: 34/36 MP: 8/11
  3543 | D:4      | Found Bootodo's Magical Wand Boutique.
  3797 | D:4      | Bought a wand of fireball (7) for 242 gold pieces
  3886 | D:4      | Slain by a slave

Action                   |  1- 3 |  4- 6 || total
-------------------------+-------+-------++-------
Melee: Unarmed           |     5 |       ||     5
       Dagger            |     9 |       ||     9
       Mace              |       |    98 ||    98
Throw: Javelin           |       |     6 ||     6
 Cast: Sting             |    36 |    70 ||   106
       Cure Poison       |     1 |     6 ||     7
       Mephitic Cloud    |       |     3 ||     3
  Use: Potion            |       |     2 ||     2
 Stab: Sleeping          |       |     5 ||     5
